 Dungeon Crawl Stone Soup version 0.23.0-28-g6fe0f4d (webtiles) character file.

Game seed: 3577254626626024656

43321 MalarOregon the Spry (level 14, -1/121 HPs)
             Began as a Merfolk Gladiator on Feb 25, 2019.
             Was an Initiate of Gozag.
             Slain by a shock serpent (13 damage)
             ... on level 4 of the Lair of Beasts.
             The game lasted 00:53:42 (28471 turns).

MalarOregon the Spry (Merfolk Gladiator)           Turns: 28471, Time: 00:53:42

Health: -1/121     AC:  9    Str: 14    XL:     14   Next: 23%
Magic:  23/23      EV: 25    Int: 12    God:    Gozag
Gold:   2608       SH:  5    Dex: 16    Spells: 3/13 levels left

rFire    + . .     SeeInvis .   K - +11 short sword "Ultimatum" {vamp, rPois}
rCold    + . .     Gourm    .   (no shield)
rNeg     . . .     Faith    .   n - +3 leather armour
rPois    +         Spirit   .   P - +1 helmet
rElec    .         Reflect  +   c - scarf {rC+ rF+}
rCorr    .         Harm     .   (no gloves)
MR       +....                  v - +0 pair of boots
Stlth    +.........             Q - +5 amulet of reflection
HPRegen  0.30/turn              q - ring of wizardry
MPRegen  0.18/turn              S - ring of magical power

@: lethally poisoned (-1 -> -11)
A: change form in water, swift swim, stealthy swim, MP-powered wands
a: Potion Petition, Call Merchant, Bribe Branch, Renounce Religion


You were on level 4 of the Lair of Beasts.
You worshipped Gozag.
Gozag was most pleased with you.
You were not hungry.

You visited 4 branches of the dungeon, and saw 19 of its levels.

You collected 3923 gold pieces.
You spent 990 gold pieces at shops.
You paid 325 gold pieces to Gozag.

Inventory:

Hand Weapons
 a - a +2 trident of electrocution
 b - a +9 blowgun
   (You took it off a kobold on level 2 of the Dungeon)
 A - a +6 scimitar of freezing
   (You took it off a wight on level 6 of the Dungeon)
 K - the +11 short sword "Ultimatum" (weapon) {vamp, rPois}
   (You found it on level 6 of the Lair of Beasts)

   It inflicts no extra harm, but heals its wielder when it wounds a living foe.
   It protects you from poison.
Missiles
 g - 7 curare-tipped needles {!f}
 l - 87 poisoned needles
 y - 9 throwing nets {!f}
 D - 5 tomahawks of returning (quivered)
 R - 8 needles of sleeping
 V - 5 javelins of penetration
 W - 5 needles of frenzy
Armour
 c - a scarf of resistance (worn)
   (You found it on level 2 of the Lair of Beasts)
 n - a +3 leather armour (worn)
   (You took it off an orc on level 3 of the Dungeon)
 v - a +0 pair of boots (worn)
   (You found it on level 6 of the Dungeon)
 P - a +1 helmet (worn)
Magical Staves
 C - an uncursed staff of wizardry {!a}
   (You found it on level 6 of the Dungeon)
Jewellery
 m - an uncursed ring of resist corrosion {unknown}
   (You found it on level 6 of the Lair of Beasts)
 q - a ring of wizardry (left hand)
   (You found it on level 3 of the Dungeon)
 Q - a +5 amulet of reflection (around neck)
   (You found it on level 6 of the Lair of Beasts)
 S - a ring of magical power (right hand)
   (You found it on level 10 of the Dungeon)
Wands
 d - a wand of iceblast (25)
   (You took it off Sonja on level 3 of the Lair of Beasts)
 t - a wand of flame (30)
   (You took it off Joseph on level 8 of the Dungeon)
 u - a wand of paralysis (18)
   (You found it on level 7 of the Dungeon)
 x - a wand of acid (3)
   (You found it on level 2 of the Lair of Beasts)
Scrolls
 i - 11 scrolls of remove curse {@r2}
 k - 5 scrolls of teleportation {@r4}
 G - 3 scrolls of blinking
 I - 3 scrolls of amnesia
 J - 3 scrolls of fog
 Y - 2 scrolls of fear
Potions
 f - a potion of agility
 j - 5 potions of curing {@q1}
 p - a potion of magic
 s - a potion of brilliance {unknown}
 z - a potion of resistance {unknown}
 E - a potion of berserk rage {unknown}
 F - 2 potions of lignification {!q}
 H - a potion of mutation {unknown}
 L - 2 potions of haste {@q3}
 T - a potion of heal wounds {unknown}
 X - a potion of might {unknown}
 Z - a potion of degeneration {unknown}
Miscellaneous
 O - a lightning rod (4/4) {!a}
   (You found it on level 6 of the Lair of Beasts)
Comestibles
 e - 17 rations {!d}


   Skills:
 + Level 14.6 Fighting
 + Level 0.0 Short Blades
 - Level 14.0 Polearms
 - Level 10.0 Throwing
 - Level 4.0 Armour
 + Level 17.2 Dodging


You had 3 spell levels left.
You knew the following spells:

 Your Spells              Type           Power        Failure   Level  Hunger
a - Confusing Touch       Hex            #.....       16%         1    ##.....
b - Petrify               Tmut/Erth      #.......     82%         4    #####..
c - Yara's Violent Unrav  Hex/Tmut       #.........   98%         5    ######.

Your spell library contained the following spells:

 Spells                   Type           Power        Failure   Level  Hunger
 Animate Skeleton         Necr           N/A          16%         1    ##.....
 Apportation              Tloc           #.....       16%         1    ##.....
 Flame Tongue             Conj/Fire      #....        16%         1    ##.....
 Freeze                   Ice            #...         16%         1    ##.....
 Magic Dart               Conj           #...         16%         1    ##.....
 Summon Small Mammal      Summ           #...         16%         1    ##.....
 Call Imp                 Summ           #.......     24%         2    ###....
 Searing Ray              Conj           #.....       24%         2    ###....
 Throw Flame              Conj/Fire      #.....       24%         2    ###....
 Throw Frost              Conj/Ice       #.....       24%         2    ###....
 Call Canine Familiar     Summ           #.......     43%         3    ####...
 Confuse                  Hex            #.......     43%         3    ####...
 Conjure Flame            Conj/Fire      #.......     43%         3    ####...
 Dazzling Spray           Conj/Hex       #.....       43%         3    ####...
 Gell's Gravitas          Tloc           #.........   43%         3    ####...
 Inner Flame              Hex/Fire       #.......     43%         3    ####...
 Summon Guardian Golem    Hex/Summ       #.......     43%         3    ####...
 Force Lance              Conj/Tloc      #.......     82%         4    #####..
 Fulminant Prism          Conj/Hex       #.........   82%         4    #####..
 Iskenderun's Mystic Bla  Conj           #.......     82%         4    #####..
 Sticky Flame             Conj/Fire      #.......     82%         4    #####..
 Summon Ice Beast         Ice/Summ       #.......     82%         4    #####..
 Summon Lightning Spire   Summ/Air       #.......     82%         4    #####..
 Fireball                 Conj/Fire      #.........   98%         5    ######.
 Irradiate                Conj/Tmut      #.........   98%         5    ######.
 Metabolic Englaciation   Hex/Ice        #.........   98%         5    ######.
 Freezing Cloud           Conj/Ice/Air   #.........   100%        6    #######
 Hydra Form               Tmut           #.........   100%        6    #######
 Simulacrum               Ice/Necr       #.........   100%        6    #######
 Statue Form              Tmut/Erth      #........    100%        6    #######
 Dragon Form              Tmut           #.........   100%        7    #######


Dungeon Overview and Level Annotations

Branches:
Dungeon (11/15)            Temple (1/1) D:6            Lair (6/6) D:9
 Shoals (0/4) Lair:2        Snake (1/4) Lair:4        Slime (0/5) Lair:5
    Orc: D:9-12

Altars:
Ashenzari
Cheibriados
Dithmenos
Elyvilon
Fedhas
Gozag
Hepliaklqana
Kikubaaqudgha
Makhleb
Nemelex Xobeh
Okawaru
Qazlal
Ru
Sif Muna
Trog
Uskayaw
Vehumet
Wu Jian
Xom
Yredelemnul
Zin
The Shining One
Jiyva

Shops:
D:10 :

Portals:
Trove: D:11 (show abyssal rune of Zot)


Innate Abilities, Weirdness & Mutations

You revert to your normal form in water You are very nimble and swift while swimming.
You are very stealthy in the water. (Stealth+)
You expend magic power (3 MP) to strengthen your wands.


Message History

You hit the shock serpent.
You feel better.
The shock serpent's electric aura discharges, shocking you!
You feel sick.
The shock serpent completely misses you.
The naga mage spits poison at you. The splash of poison misses you.
The naga warrior misses you. The shock serpent barely misses you.
You hit the naga.
You feel better. The shock serpent barely misses you.
The naga warrior hits you from afar with a +0 halberd.
The naga spits poison at you.
The splash of poison hits you but does no damage.
You are more poisoned.
You resist.
You feel sick. The naga mage spits poison at you.
The splash of poison hits you but does no damage.
You are more poisoned.
You resist. The shock serpent bites you. The shock serpent shocks you!
You block the naga warrior's attack.
The shock serpent completely misses you.
The naga hits you but does no damage. The naga barely misses you.
You climb upwards.
Welcome back to the Lair of Beasts!
You feel sick.
There is a staircase to the Snake Pit here.
You hit the naga.
You feel sick.
The shock serpent completely misses you.
You barely miss the naga.
You feel sick. The shock serpent bites you. The shock serpent shocks you!
* * * LOW HITPOINT WARNING * * *
The naga spits poison at you.
The splash of poison hits you but does no damage.
You are more poisoned.
You resist. You block the shock serpent's attack. The naga misses you.
The naga barely misses you.
You are too injured to fight recklessly!
You are too injured to fight recklessly!
You are too injured to fight recklessly!
You are too injured to fight recklessly!
You are too injured to fight recklessly!
You are too injured to fight recklessly!
You are too injured to fight recklessly!
Unknown command.
You hit the shock serpent.
You feel sick. The shock serpent bites you!
* * * LOW HITPOINT WARNING * * *
The shock serpent shocks you!
* * * LOW HITPOINT WARNING * * *
The shock serpent bites you!
* * * LOW HITPOINT WARNING * * *
The shock serpent shocks you!
You die...
Your body crumbles into a pile of gold.

#..P....#..........#...#.#....
##.P.#.#....P......#..........
##.#.#.#...#.P.....#..........
#..#......##)................#
##...P...###)..###.....P...P..
#.......##...)...#............
###.....###.......#.P.#........
#.#.#....#.....S....#..........
##..#.........@...........?.#.P
#..#.#.#....N.................
##.....###.......#.#.#.......P
#...#..##.......#.#..........
#.......###...###...........#
#...P.##......#.#...P.#......
#...#.................P......
##P..#..#....................#
#P...#..#....P................


You could see a shock serpent and a naga.

Vanquished Creatures
  Gastronok (Lair:2)
  A dire elephant (Lair:6)
  Harold (Lair:2)
  Fannar (D:10)
  2 hydras
  A merfolk avatar (Lair:6)
  3 two-headed ogres
  Urug (Lair:3)
  Sonja (Lair:3)
  A harpy (Lair:6)
  4 lindwurms (Lair:6)
  An oklob plant (Lair:5)
  A manticore (Lair:6)
  6 elephants
  A black mamba (Lair:1)
  Maurice (D:10)
  Joseph (D:8)
  A merfolk siren (Lair:2)
  14 spiny frogs
  4 rime drakes
  9 komodo dragons
  A troll (D:7)
  A queen bee (D:9)
  Grinder (D:4)
  3 polar bears
  4 hornets (Lair:6)
  13 blink frogs
  4 hippogriffs
  Sigmund (D:5)
  2 wyverns (Lair:6)
  A wraith (D:10)
  37 yaks
  A basilisk (Lair:3)
  Edmund (D:5)
  4 nagas (Lair:4)
  12 water moccasins
  4 phantoms
  6 porcupines
  2 orc warriors
  2 black bears
  4 ice beasts
  5 ogres
  4 sky beasts
  A necrophage (D:10)
  3 centaurs
  14 crocodiles
  A big kobold (D:7)
  13 bullfrogs
  A wyvern zombie (D:6)
  5 scorpions
  27 killer bees
  3 wights (D:6)
  3 electric eels
  A crimson imp (D:5)
  A quasit (D:7)
  3 hounds
  A jelly (D:7)
  8 orc wizards
  Crazy Yiuf (D:7)
  6 orc priests
  3 centaur skeletons
  A gnoll shaman (D:3)
  4 iguanas
  8 worker ants
  4 hell rats (Lair:6)
  A hound zombie (D:5)
  8 gnolls
  7 adders
  5 shadow imps
  2 oozes (D:4)
  2 adder skeletons
  5 worms (D:2)
  4 dart slugs (D:1)
  6 leopard geckos
  37 orcs
  2 ball pythons
  5 giant cockroaches
  10 goblins
  4 hobgoblins (D:2)
  6 jackals
  12 kobolds
  6 quokkas
  4 bats
  3 frilled lizards
  A leopard gecko skeleton (D:5)
  2 leopard gecko zombies
  10 rats
  2 plants
425 creatures vanquished.

Vanquished Creatures (others)
  A bush (Lair:6)
  11 fungi
  19 plants
31 creatures vanquished.

Grand Total: 456 creatures vanquished

Notes
Turn   | Place    | Note
-------+----------+-------------------------------------------
     0 | D:1      | MalarOregon the Merfolk Gladiator began the quest for the
                  | Orb.
     0 | D:1      | Reached XP level 1. HP: 16/16 MP: 1/1
    76 | D:1      | Reached XP level 2. HP: 21/23 MP: 2/2
   343 | D:1      | Reached XP level 3. HP: 18/28 MP: 3/3
   610 | D:1      | Reached skill level 5 in Polearms
   682 | D:1      | You fall through a shaft!
   712 | D:2      | Reached skill level 1 in Armour
   977 | D:2      | Reached XP level 4. HP: 22/34 MP: 4/4
  1095 | D:2      | Found Zin's Purification Station.
  1100 | D:2      | Found a glowing silver altar of Zin.
  2369 | D:3      | Reached skill level 5 in Dodging
  2632 | D:3      | Reached XP level 5. HP: 41/41 MP: 5/5
  2871 | D:2      | Bought a potion of curing for 90 gold pieces
  3377 | D:4      | Reached XP level 6. HP: 32/48 MP: 6/6
  3886 | D:4      | Found a hazy altar of Hepliaklqana.
  4074 | D:4      | Noticed Grinder
  4095 | D:4      | Paralysed by Grinder for 2 turns
  4103 | D:4      | Killed Grinder
  4103 | D:4      | Reached skill level 6 in Dodging
  4103 | D:4      | Reached XP level 7. HP: 29/55 MP: 7/7
  4499 | D:4      | Reached skill level 5 in Fighting
  4730 | D:4      | Found a burning altar of Makhleb.
  4731 | D:4      | Found a glowing golden altar of the Shining One.
  4901 | D:5      | Entered Level 5 of the Dungeon
  5134 | D:5      | Noticed Sigmund
  5145 | D:5      | Reached skill level 7 in Dodging
  5145 | D:5      | Reached XP level 8. HP: 62/62 MP: 8/8
  5172 | D:5      | Killed Sigmund
  6336 | D:5      | Noticed Edmund
  6385 | D:5      | Killed Edmund
  6385 | D:5      | Reached skill level 8 in Dodging
  6800 | D:6      | Found a staircase to the Ecumenical Temple.
  6978 | D:6      | Reached XP level 9. HP: 36/70 MP: 9/9
  7364 | D:6      | Found an opulent altar of Gozag.
  7759 | D:6      | Became a worshipper of Gozag Ym Sagoz the Greedy
  8056 | Temple   | Entered the Ecumenical Temple
  8515 | D:7      | Reached skill level 9 in Dodging
  8913 | D:6      | Reached skill level 10 in Polearms
  9212 | D:7      | Found a shadowy altar of Dithmenos.
  9213 | D:7      | Found a blossoming altar of Fedhas.
  9213 | D:7      | Found a hide-covered altar of Uskayaw.
  9214 | D:7      | Found a deep blue altar of Sif Muna.
  9488 | D:7      | Found an iron altar of Okawaru.
  9548 | D:7      | Found a runed translucent door.
  9549 | D:7      | Noticed Crazy Yiuf
 10155 | D:7      | Killed Crazy Yiuf
 10622 | D:8      | Noticed a two-headed ogre
 10660 | D:8      | Killed a two-headed ogre
 10660 | D:8      | Reached skill level 5 in Throwing
 10660 | D:8      | Reached skill level 10 in Dodging
 10660 | D:8      | Reached XP level 10. HP: 48/80 MP: 7/10
 11540 | D:8      | Noticed Joseph
 11567 | D:8      | Killed Joseph
 12963 | D:9      | Reached skill level 11 in Dodging
 13494 | D:9      | Reached XP level 11. HP: 84/89 MP: 11/11
 13838 | D:9      | Found a staircase to the Lair.
 13887 | D:10     | Entered Level 10 of the Dungeon
 14068 | D:10     | Noticed Maurice
 14120 | D:10     | HP: 1/89 [acid (13)]
 14125 | D:10     | Killed Maurice
 14708 | D:10     | Noticed a two-headed ogre
 14728 | D:10     | Killed a two-headed ogre
 14956 | D:10     | Noticed a two-headed ogre
 14978 | D:10     | Killed a two-headed ogre
 14978 | D:10     | Reached skill level 12 in Dodging
 15083 | D:10     | Reached skill level 10 in Fighting
 15096 | D:10     | Found Mavvalaz's Book Boutique.
 15151 | D:10     | Noticed Fannar
 15222 | D:10     | Killed Fannar
 15746 | D:10     | Bought a book of Transfigurations for 660 gold pieces
 15746 | D:10     | Bought a book of Misfortune for 240 gold pieces
 15796 | D:11     | Learned a level 1 spell: Confusing Touch
 15801 | D:11     | Learned a level 4 spell: Petrify
 15807 | D:11     | Learned a level 5 spell: Yara's Violent Unravelling
 15884 | D:11     | Found a portal to a secret trove of treasure.
 15887 | D:11     | Noticed a manticore
 16106 | Lair:1   | Entered Level 1 of the Lair of Beasts
 16460 | Lair:1   | Reached XP level 12. HP: 27/98 MP: 8/12
 18081 | Lair:1   | Reached skill level 13 in Dodging
 18105 | Lair:1   | Noticed a six-headed hydra
 18127 | Lair:1   | Killed a six-headed hydra
 18221 | Lair:1   | HP: 5/100 [poisoned by a spiny frog]
 18229 | Lair:1   | HP: 5/100 [poisoned by a spiny frog]
 18237 | Lair:1   | HP: 5/100 [poisoned by a spiny frog]
 19971 | Lair:2   | Noticed Harold
 19996 | Lair:2   | Killed Harold
 20410 | Lair:2   | Found a staircase to the Shoals.
 20780 | Lair:2   | Noticed Gastronok
 20804 | Lair:2   | Killed Gastronok
 20804 | Lair:2   | Reached skill level 14 in Dodging
 21498 | Lair:3   | Reached skill level 10 in Throwing
 21618 | Lair:3   | Got a steaming ring mail
 21648 | Lair:3   | Noticed Sonja
 21662 | Lair:3   | Killed Sonja
 21662 | Lair:3   | Reached XP level 13. HP: 39/108 MP: 12/13
 21664 | Lair:3   | Noticed Urug
 22036 | Lair:3   | Got a translucent chain mail
 22876 | Lair:3   | Killed Urug
 23788 | Lair:4   | Identified the Disquisition on Snow
 23790 | Lair:4   | Found a staircase to the Snake Pit.
 23871 | Lair:4   | Reached skill level 15 in Dodging
 24622 | Lair:5   | Identified the cursed +0 ring mail "Hysho" {MP-9 Slay+2
                  | Stlth+} (You found it on level 3 of the Lair of Beasts)
 24634 | Lair:5   | Identified the +0 chain mail "Feadorag" {+Inv Int-3 Dex+8}
                  | (You found it on level 3 of the Lair of Beasts)
 25014 | Lair:5   | Found a staircase to the Slime Pits.
 25014 | Lair:5   | Found a viscous altar of Jiyva.
 25066 | Lair:5   | Found the +5 robe of Misfortune {*Contam Harm *Corrode
                  | *Drain *Slow EV+5}
 25631 | Lair:6   | Entered Level 6 of the Lair of Beasts
 25668 | Lair:6   | Gained mutation: You expend magic power (3 MP) to
                  | strengthen your wands. [mutagenic glow]
 26462 | Lair:6   | Reached skill level 16 in Dodging
 26902 | Lair:6   | Noticed a dire elephant
 27193 | Lair:6   | Reached XP level 14. HP: 111/120 MP: 14/14
 27288 | Lair:6   | Killed a dire elephant
 27562 | Lair:6   | Reached skill level 17 in Dodging
 28307 | Lair:6   | Got a scorched short sword
 28339 | Lair:6   | Identified the +11 short sword "Ultimatum" {vamp, rPois}
                  | (You found it on level 6 of the Lair of Beasts)
 28456 | Snake:1  | Entered Level 1 of the Snake Pit
 28471 | Lair:4   | Slain by a shock serpent

Skill      XL: |  1  2  3  4  5  6  7  8  9 10 11 12 13 14 |
---------------+-------------------------------------------+-----
Polearms       | 5 6 7 9 10 12 13 14 | 14.0
Armour         | 1 2 3 4 |  4.0
Fighting       | 3 4 5 6 8 9 10 12 14 | 14.6
Dodging        | 5 6 7 8 10 11 12 14 16 17 | 17.2
Throwing       | 5 6 8 10 | 10.0

Action                   |  1- 3 |  4- 6 |  7- 9 | 10-12 | 13-15 || total
-------------------------+-------+-------+-------+-------+-------++-------
Melee: Trident           |   108 |   250 |   506 |   896 |   674 ||  2434
       Tailslap          |       |       |       |    14 |     8 ||    22
       Short sword       |       |       |       |       |     7 ||     7
 Fire: Blowgun           |       |     4 |   128 |   479 |    27 ||   638
Throw: Throwing net      |       |     1 |       |       |       ||     1
       Tomahawk          |       |       |       |       |     7 ||     7
Invok: Potion Petition   |       |       |       |     1 |     1 ||     2
Evoke: Wand              |       |       |       |    32 |     2 ||    34
  Use: Scroll            |       |     4 |     4 |    11 |    17 ||    36
       Potion            |       |       |       |       |     5 ||     5
 Stab: Sleeping          |     1 |     1 |     2 |     4 |       ||     8
       Invisible         |       |       |     3 |       |       ||     3
       Distracted        |       |       |       |     1 |     3 ||     4
       Paralysed         |       |       |       |    18 |       ||    18
  Eat: Chunk             |       |    10 |     9 |       |       ||    19
       Ration            |       |       |     4 |    10 |     8 ||    22
Armor: Leather armour    |    21 |    32 |    79 |   142 |    62 ||   336
Dodge: Dodged            |    66 |   138 |   309 |   849 |   423 ||  1785
Block: Other             |       |       |       |       |     6 ||     6
